 Dungeon Crawl Stone Soup version 0.29-a0-322-g68df515 (webtiles) character file.

Game seed: 1122192110864174797

30 Toastz the Insei (level 3, -4/24 HPs)
             Began as an Octopode Transmuter on Apr 5, 2022.
             Slain by Terence
             ... wielding a +0 flail
              (7 damage)
             ... on level 1 of the Dungeon.
             The game lasted 00:04:08 (2299 turns).

Toastz the Insei (Octopode Transmuter)              Turns: 2299, Time: 00:04:09

Health: -4/24      AC:  1    Str:  9    XL:     3   Next: 18%
Magic:  4/6        EV: 13    Int: 15    God:
Gold:   77         SH:  0    Dex: 14    Spells: 3/6 levels left

rFire   . . .      SeeInvis .     - Unarmed
rCold   . . .      Faith    .   (no shield)
rNeg    . . .      Spirit   .   (helmet currently unavailable)
rPois   .          Reflect  .   (no amulet)
rElec   .          Harm     .   (no ring)
rCorr   .          Rampage  .   (no ring)
Will    .....                   (no ring)
Stlth   ++........              (no ring)
HPRegen 0.08/turn               (no ring)
MPRegen 0.10/turn               (no ring)
                                (no ring)
                                (no ring)

@: appendages (expiring), wereblooded
A: tentacle spike 3, almost no armour, amphibious, 8 rings, camouflage 1,
gelatinous body 1, (nimble swimmer 1), tentacles
a: End Transformation


You were on level 1 of the Dungeon.
One of your tentacles had grown a beastly spike.
You visited 1 branch of the dungeon, and saw 2 of its levels.

You collected 77 gold pieces.

Inventory:

Missiles
 b - 5 poisoned darts
 f - 22 stones
Scrolls
 c - 2 scrolls of identify {unknown}
 e - a scroll of blinking {unknown}
 g - a scroll of fog {unknown}
Potions
 a - a potion of lignification
 d - 4 potions of curing {unknown}
 h - a potion of berserk rage {unknown}
 i - a potion of might {unknown}


   Skills:
 + Level 1.8 Fighting
 - Level 2.0 Dodging
 * Level 3.9 Unarmed Combat
 - Level 2.0 Spellcasting
 - Level 2.0 Transmutations


You had 3 spell levels left.
You knew the following spells:

 Your Spells              Type           Power      Damage    Failure   Level
a - Beastly Appendage     Tmut           14%        N/A       10%         1
b - Wereblood             Tmut           7%         N/A       14%         2

Your spell library contained the following spells:

 Spells                   Type           Power      Damage    Failure   Level
 Corpse Rot               Necr/Air       2%         N/A       32%         2
 Spider Form              Tmut/Pois      4%         N/A       41%         3
 Ice Form                 Ice/Tmut       4%         N/A       82%         4
 Dispel Undead            Necr           1%         3d6       91%         4
 Death Channel            Necr           0%         N/A       100%        6


Dungeon Overview and Level Annotations

Branches:
Dungeon (2/15)

Altars:

Annotations:
D:1 Terence
D:2 Sigmund


Innate Abilities, Weirdness & Mutations

One of your tentacles has grown a beastly spike.
You cannot wear most types of armour.
You are amphibious.
You can wear up to eight rings at the same time.
Your skin changes colour to match your surroundings (Stealth+).
Your rubbery body absorbs attacks. (AC +1, EV +1)
((You are camouflaged when in or above water. (Stealth+)))
You have tentacles for arms and can constrict up to eight enemies at once.


Message History

You climb upwards.
There is a stone staircase leading down here.
You tentacle-slap the giant cockroach. Your grab misses the giant cockroach.
You pierce the giant cockroach.
You feel a bit better.
You kill the giant cockroach!
Your transformation is almost over.
Terence completely misses you.
You see here a giant cockroach corpse.
You howl as the wereblood boils in your veins!
You barely miss Terence. You grab Terence.
You pierce Terence, but do no damage.
You squeeze Terence.
Terence is lightly wounded.
You constrict Terence, but do no damage.
Terence barely misses you.
You tentacle-slap Terence.
You pierce Terence.
You squeeze Terence.
Terence is moderately wounded.
You constrict Terence, but do no damage.
Terence hits you with a +0 flail!
* * * LOW HITPOINT WARNING * * *
You barely miss Terence.
You pierce Terence, but do no damage.
You squeeze Terence.
Terence is heavily wounded.
You constrict Terence, but do no damage.
Terence completely misses you.
You tentacle-slap Terence.
You pierce Terence, but do no damage.
You tentacle-slap Terence, but do no damage.
You squeeze Terence, but do no damage.
Terence is heavily wounded.
You constrict Terence. You tentacle-slap Terence.
You pierce Terence, but do no damage.
You tentacle-slap Terence, but do no damage.
Terence is severely wounded.
You constrict Terence, but do no damage.
Terence hits you with a +0 flail.
* * * LOW HITPOINT WARNING * * *
You tentacle-slap Terence but do no damage.
You pierce Terence.
Terence is severely wounded.
You constrict Terence. Terence hits you with a +0 flail!
You die...

#.#.##)# #.# #.#....#
#.# #### #.###### #.#
...# #.# #.# ...###.#
#.# ....##.# #.#
....##.# #.#
.......##############.#
.............>†@@.....#
##########.############
## #.# .# #.# .# #.#
.## #.# ..# #.# ..# #.#
..## #.#


You could see Terence.

Vanquished Creatures
  An adder (D:2)
  2 ball pythons (D:1)
  A bat (D:1)
  3 endoplasms
  A giant cockroach (D:1)
  2 goblins (D:1)
  2 hobgoblins (D:1)
  2 frilled lizards (D:1)
  3 kobolds
  2 rats
19 creatures vanquished.

Notes
Turn   | Place    | Note
-------+----------+-------------------------------------------
     0 | D:1      | Toastz the Octopode Transmuter began the quest for the Orb.
     0 | D:1      | Reached XP level 1. HP: 13/13 MP: 3/3
   622 | D:1      | Reached XP level 2. HP: 18/18 MP: 3/5
   993 | D:1      | Found a faded altar of an unknown god.
  1187 | D:1      | Learned a level 2 spell: Wereblood
  1521 | D:2      | Noticed Sigmund
  1704 | D:2      | Noticed Terence
  1739 | D:2      | Reached XP level 3. HP: 12/24 MP: 3/6
  1760 | D:2      | HP: 1/24 [Terence/stone (5)]
  2299 | D:1      | Slain by Terence

Illustrated notes

Levels and vault maps discovered:
D:1:      enne_arrival_octagon_isle, layout_basic,
          shapermc_ecumenical_altar_notcrosses, minmay_tall_x
D:2:      layout_loops_ring, uniq_terence, uniq_sigmund

Action                   || total
-------------------------++-------
Melee: Unarmed           ||    50
       Tentacles         ||    17
       Kick              ||    17
       Constrict         ||     8
       Punch             ||     3
 Cast: Beastly Appendage ||    20
       Wereblood         ||     3
 Abil: End Transformatio ||     1
 Stab: Sleeping          ||     1
Armor: Skin              ||     4
Dodge: Dodged            ||    36

Table legend: (Time is in decaauts)
 A = Elapsed time spent in this place.
 B = Non-inter-level travel time spent in this place.
 C = Inter-level travel time spent in this place.
 D = Time resting spent in this place.
 E = Time spent auto-exploring this place.
 F = Levels seen in this place.
 G = Mean time per level.
                   A        B        C        D        E       F      G
               +--------+--------+--------+--------+--------+-----+--------+
         Total |   2300 |   2223 |     77 |    701 |   1207 |   2 | 1150.0 |
       Dungeon |   2300 |   2223 |     77 |    701 |   1207 |   2 | 1150.0 |
               +--------+--------+--------+--------+--------+-----+--------+

Top non-repeatable levels by time:
     D:1: 2022 daAuts
     D:2: 277 daAuts
